 Dungeon Crawl Stone Soup version 0.29.0-4-gdea44cf6ec (webtiles) character file.

Game seed: 12967310137223953625

40 PieDemon the Stinger (level 4, -1/35 HPs)
             Began as a Meteoran Venom Mage on Aug 27, 2022.
             Slain by a giant cockroach (2 damage)
             ... on level 2 of the Dungeon.
             The game lasted 00:03:41 (251 turns).

PieDemon the Stinger (Meteoran Venom Mage)           Turns: 251, Time: 00:03:41

Health: -1/35      AC:  2    Str:  9    XL:     4   Next: 0%
Magic:  0/9        EV: 13    Int: 19    God:
Gold:   17         SH:  0    Dex: 14    Spells: 3/9 levels left

rFire   . . .      SeeInvis .   c - +0 whip
rCold   . . .      Faith    .   (no shield)
rNeg    . . .      Spirit   .   a - +0 robe
rPois   .          Reflect  .   (no helmet)
rElec   .          Harm     .   (no cloak)
rCorr   .          Rampage  .   (no gloves)
Will    .....                   (no boots)
Stlth   +.........              (no amulet)
HPRegen 0.11/turn               (no ring)
MPRegen 0.11/turn               (no ring)

@: glowing
A: sense surroundings 1, otherworldly, glowing, explore regen
a: no special abilities


You were on level 2 of the Dungeon.
You visited 1 branch of the dungeon, and saw 2 of its levels.

You collected 17 gold pieces.

Inventory:

Hand Weapons
 c - a +0 whip (weapon)
Missiles
 g - 6 poisoned darts
Armour
 a - a +0 robe (worn)
Scrolls
 h - a scroll of teleportation {unknown}
 j - a scroll of summoning {unknown}
 l - a scroll of enchant weapon {unknown}
Potions
 b - a potion of magic
 d - 2 potions of brilliance {unknown}
 e - a potion of lignification {unknown}
 f - a potion of haste {unknown}
 i - a potion of mutation {unknown}
 k - a potion of heal wounds {unknown}


   Skills:
 + Level 1.2 Fighting
 + Level 2.9 Dodging
 - Level 1.4 Stealth
 + Level 3.2 Spellcasting
 - Level 1.2 Transmutations
 * Level 4.4 Poison Magic


You had 3 spell levels left.
You knew the following spells:

 Your Spells              Type           Power      Damage    Failure   Level
a - Sting                 Tmut/Pois      52%        1d5       4%          1
b - Poisonous Vapours     Pois/Air       22%        N/A       9%          2
c - Mephitic Cloud        Conj/Pois/Air  8%         N/A       24%         3

Your spell library contained the following spells:

 Spells                   Type           Power      Damage    Failure   Level
 Olgreb's Toxic Radiance  Pois           19%        N/A       24%         4


Dungeon Overview and Level Annotations

Branches:
Dungeon (2/15) Zot: 945

Altars:

Annotations:
D:1 exclusion: downstairs


Innate Abilities, Weirdness & Mutations

You passively map a small area around you.
You are easily found by Zot.
You glow in the dark.
You regain HP and MP as you explore.


Message History

* * * LOW HITPOINT WARNING * * *
The giant cockroach bites you but does no damage.
You hit the giant cockroach but do no damage.
You punch the giant cockroach, but do no damage.
The giant cockroach is heavily wounded.
The giant cockroach completely misses you.
You hit the giant cockroach but do no damage.
The giant cockroach is heavily wounded.
The giant cockroach waves its antennae.
The giant cockroach bites you but does no damage.
You barely miss the giant cockroach.
The giant cockroach is heavily wounded.
The giant cockroach bites you.
* * * LOW HITPOINT WARNING * * *
The giant cockroach bites you but does no damage.
You barely miss the giant cockroach.
The giant cockroach is heavily wounded.
The giant cockroach misses you.
Casting: Sting (safe; 4% risk of failure)
Confirm with . or Enter, or press ? or * to list all spells.
Aiming: Sting (safe; 4% risk of failure)
Press: ? - help, Shift-Dir - straight line, f - giant cockroach
Aim: a giant cockroach (heavily wounded, 71% to hit)
The sting misses the giant cockroach.
The giant cockroach closely misses you.
You hit the giant cockroach but do no damage.
The giant cockroach is heavily wounded.
The giant cockroach bites you but does no damage.
The giant cockroach bites you.
* * * LOW HITPOINT WARNING * * *
You barely miss the giant cockroach.
The giant cockroach is heavily wounded.
The giant cockroach misses you.
You hit the giant cockroach but do no damage.
The giant cockroach is heavily wounded.
The giant cockroach bites you.
* * * LOW HITPOINT WARNING * * *
You closely miss the giant cockroach.
The giant cockroach is heavily wounded.
The giant cockroach bites you.
You die...

, ,, , , .............
###)#..... .... , ,
.=.?..........# , ##. ........!
....# * ... ............# , *
#.., ....#....#. ,, * #.... ,
#†B.......# #. * * *#..#*
###@..#.........
#.####.........#.....
##.........##...#..>...
###.....###..# #....>....
##...##..###..###....##..,
#..#.#.......##........## ! ,
#.....)...#....<....w...#.#
#####...#####.#................
........# ###.................#


You could see a giant cockroach.

Vanquished Creatures
  An adder (D:2)
  2 worms (D:2)
  2 dart slugs (D:1)
  3 ball pythons (D:1)
  2 endoplasms
  2 giant cockroaches
  2 goblins
  2 hobgoblins
  A quokka (D:1)
  A frilled lizard (D:2)
  2 kobolds
20 creatures vanquished.

Notes
Turn   | Place    | Note
-------+----------+-------------------------------------------
     0 | D:1      | PieDemon the Meteoran Venom Mage began the quest for the
                  | Orb.
     0 | D:1      | Reached XP level 1. HP: 14/14 MP: 5/5
    23 | D:1      | Reached XP level 2. HP: 18/22 MP: 0/6
    26 | D:1      | Learned a level 2 spell: Poisonous Vapours
    93 | D:2      | Reached skill level 4 in Poison Magic
    93 | D:2      | Reached XP level 3. HP: 27/27 MP: 3/8
    97 | D:2      | Learned a level 3 spell: Mephitic Cloud
   125 | D:2      | Reached skill level 1 in Fighting
   171 | D:1      | Found a faded altar of an unknown god.
   240 | D:2      | Reached XP level 4. HP: 5/35 MP: 0/9
   250 | D:2      | HP: 1/35 [giant cockroach (1)]
   251 | D:2      | Slain by a giant cockroach

Illustrated notes

Levels and vault maps discovered:
D:1:      dpeg_arrival_ratfight, layout_rooms,
          nicolae_ecumenical_snake_handling, minmay_distorted
D:2:      layout_rooms

Skill      XL: |  1  2  3 |
---------------+----------+-----
Spellcasting   | 3 |  3.2
Poison Magic   | 4 |  4.4
Fighting       | 1 |  1.2
Dodging        | |  2.9
Stealth        | |  1.4
Transmutations | |  1.2

Action                   |  1- 3 |  4- 6 || total
-------------------------+-------+-------++-------
Melee: Whip              |    19 |    11 ||    30
       Punch             |       |     1 ||     1
 Cast: Sting             |    39 |     1 ||    40
       Poisonous Vapours |     2 |       ||     2
Armor: Robe              |    12 |     5 ||    17
Dodge: Dodged            |    10 |     5 ||    15
